Map: Ice and Chrome LE

Players

Namshar

  • Race: Zerg Zerg
  • League: Grandmaster
  • Spawn Location: 1:00

Neeb - Winner!

  • Race: Protoss Protoss
  • League: Master
  • Spawn Location: 7:00

Event: DreamHack SC2 Masters 2020 Fall

VOD

Have the link to the VOD?

Description

Time

  • Played on: Sept. 1, 2020, 4:54 p.m.
  • Length: 13:33

All games in this series

Show
View Real Time Build Order
Export as new Build Order

Namshar Zerg 

Build Orders: Hatch First, Lurkers, Roach Hydra 

Get SALT Encoding   

  12  0:00  Drone  
  13  0:12  Overlord  
  13  0:16  Drone  
  14  0:30  Drone x2  
  16  0:46  Drone x2  
  18  0:54  Hatchery  
  17  0:57  Drone  
  17  1:01  Extractor  
  17  1:12  Spawning Pool  
  17  1:16  Drone  
  17  1:19  Drone  
  18  1:28  Drone  
  19  1:40  Drone  
  20  1:49  Overlord  
  20  1:58  Queen  
  22  2:05  Metabolic Boost  
  22  2:06  Queen  
  22  2:07  Zergling x2  
  22  2:08  Zergling x2  
  26  2:12  Drone  
  27  2:17  Drone  
  27  2:21  Drone  
  29  2:29  Drone  
  30  2:34  Drone  
  31  2:40  Hatchery  
  31  2:42  Zergling x2  
  31  2:48  Overlord  
  31  2:52  Queen  
  32  2:59  Drone x2  
  34  3:07  Zergling x6  
  34  3:09  Drone  
  34  3:10  Drone  
  39  3:17  Drone x4  
  43  3:20  Overlord  
  43  3:29  Drone  
  43  3:37  Spore Crawler  
  43  3:40  Spore Crawler  
  41  3:41  Drone  
  41  3:42  Drone x2  
  41  3:45  Drone x3  
  47  3:50  Queen  
  47  3:54  Queen, Spore Crawler  
  50  3:58  Overlord  
  50  4:06  Drone  
  50  4:09  Drone x2  
  53  4:12  Drone, Overlord x2  
  53  4:15  Overlord  
  55  4:17  Drone  
  55  4:25  Drone x3  
  58  4:31  Overlord  
  58  4:32  Drone x4  
  62  4:38  Lair  
  62  4:43  Roach Warren  
  62  4:45  Drone x2  
  63  4:47  Drone  
  63  4:48  Drone  
  63  4:51  Drone  
  63  4:52  Drone x2  
  68  4:55  Drone x2, Extractor  
  68  4:57  Extractor  
  68  5:00  Drone  
  68  5:01  Drone x3  
  68  5:04  Extractor x2  
  68  5:06  Evolution Chamber  
  68  5:17  Drone  
  68  5:18  Drone x7  
  76  5:24  Overlord x3  
  76  5:31  Zerg Missile Weapons Level 1  
  76  5:38  Roach x3  
  76  5:42  Overseer  
  82  5:47  Drone x2, Hatchery  
  83  5:52  Drone x3, Extractor  
  83  5:57  Glial Reconstitution  
  85  6:03  Drone  
  86  6:04  Overlord x3  
  86  6:05  Hydralisk Den  
  86  6:06  Roach x4  
  92  6:13  Pneumatized Carapace, Overlord x2  
  92  6:15  Drone  
  93  6:23  Roach x5  
  103  6:26  Ravager x2  
  103  6:28  Overlord x2  
  103  6:31  Zergling x4  
  107  6:36  Queen  
  107  6:37  Zergling x2  
  107  6:38  Zergling x4  
  113  6:40  Ravager  
  113  6:48  Drone x6  
  113  6:53  Drone  
  120  6:56  Grooved Spines, Overseer  
  120  6:58  Drone x5  
  120  6:59  Drone  
  126  7:05  Drone  
  126  7:06  Infestation Pit  
  126  7:23  Extractor  
  126  7:25  Extractor  
  125  7:30  Drone, Zerg Missile Weapons Level 2, Hatchery  
  125  7:31  Overlord x3  
  125  7:32  Overlord  
  125  7:33  Drone  
  125  7:34  Drone x4  
  125  7:36  Drone x2  
  131  7:39  Hydralisk x5  
  141  7:47  Hive  
  141  7:50  Lurker Den  
  139  7:53  Hydralisk x4  
  147  7:59  Drone x4, Overlord  
  151  8:07  Muscular Augments  
  151  8:12  Hydralisk x8  
  167  8:21  Overseer  
  167  8:23  Hydralisk x6  
  179  8:38  Hydralisk x8  
  194  8:42  Ravager  
  194  8:47  Lurker  
  195  8:55  Extractor  
  192  8:58  Extractor  
  192  9:00  Drone  
  191  9:04  Drone  
  191  9:05  Drone  
  191  9:07  Lurker  
  191  9:08  Lurker x3  
  197  9:17  Lurker x2  
  198  9:19  Spine Crawler x3  
  198  9:20  Spore Crawler  
  198  9:21  Drone x6, Spine Crawler x3  
  198  9:22  Spine Crawler  
  198  9:23  Spine Crawler  
  194  9:26  Spine Crawler  
  194  9:29  Hydralisk x4  
  194  9:52  Lurker x7  
  199  9:54  Adaptive Talons  
  199  10:10  Zerg Missile Weapons Level 3  
  197  10:24  Lurker x2, Hatchery  
  197  10:25  Lurker x3  
  195  10:32  Drone x4  
  195  10:33  Drone x2  
  197  10:41  Hydralisk  
  197  10:42  Hydralisk x2  
  199  10:48  Lurker x5  
  195  11:00  Hydralisk  
  195  11:01  Hydralisk x4  
  185  11:08  Hydralisk x4  
  184  11:13  Zergling x30  
  193  11:42  Lurker x4  
  189  11:51  Hydralisk x9  
  189  11:52  Lurker  
  193  12:05  Hydralisk x5  
  193  12:06  Hydralisk  
  198  12:13  Lurker x2  
  180  12:24  Hydralisk  
  180  12:25  Hydralisk x10  
  180  12:29  Queen  
  152  12:30  Queen  
  150  12:37  Viper x2  
  150  12:39  Drone x8  
  150  12:44  Queen  
  162  12:48  Drone x2  
  162  12:49  Viper x2  
  172  12:51  Zergling x4  
  172  12:52  Zergling x8  
  172  12:56  Extractor  
  177  12:58  Extractor  
  177  13:04  Lurker x4  
  180  13:07  Lurker  
Show
View Real Time Build Order
Export as new Build Order

Neeb Protoss - Winner!

Build Orders: 1 Gate Expand, Oracle Opening, Archon Immortal 

Get SALT Encoding   

  12  0:00  Probe  
  13  0:12  Probe  
  14  0:19  Pylon  
  14  0:24  Probe (Chrono Boost)  
  15  0:38  Probe (Chrono Boost)  
  15  0:40  Gateway  
  16  0:46  Probe (Chrono Boost)  
  17  0:51  Assimilator  
  17  0:52  Probe  
  18  1:04  Probe  
  19  1:17  Probe  
  20  1:28  Nexus  
  20  1:36  Cybernetics Core  
  20  1:39  Probe  
  21  1:45  Assimilator  
  21  1:51  Probe  
  21  1:52  Pylon  
  22  2:03  Probe (Chrono Boost)  
  23  2:10  Adept (Chrono Boost)  
  23  2:12  Probe (Chrono Boost)  
  26  2:17  Probe (Chrono Boost)  
  27  2:23  Stargate  
  27  2:29  Probe  
  28  2:32  Adept (Chrono Boost)  
  28  2:36  Warp Gate  
  30  2:40  Probe  
  30  2:41  Probe  
  32  2:48  Gateway  
  32  2:52  Probe  
  32  2:53  Probe  
  34  3:04  Probe  
  34  3:05  Oracle (Chrono Boost)  
  35  3:09  Probe  
  39  3:14  Pylon  
  39  3:16  Probe  
  40  3:21  Probe  
  40  3:27  Void Ray (Chrono Boost)  
  41  3:28  Probe  
  41  3:33  Probe  
  43  3:38  Assimilator  
  43  3:40  Assimilator  
  43  3:41  Probe  
  46  3:44  Gateway  
  46  3:45  Probe  
  47  3:53  Probe  
  47  3:54  Pylon  
  48  3:58  Robotics Facility, Probe  
  49  4:05  Probe  
  50  4:10  Probe  
  50  4:16  Pylon  
  51  4:17  Probe  
  51  4:22  Probe  
  53  4:25  Adept x2  
  53  4:29  Probe  
  58  4:35  Probe  
  59  4:44  Nexus, Probe  
  60  4:46  Immortal (Chrono Boost)  
  60  4:47  Pylon x2  
  60  4:49  Sentry x2  
  60  4:52  Probe  
  69  4:56  Probe  
  70  5:03  Forge, Twilight Council  
  70  5:05  Probe  
  71  5:10  Probe  
  72  5:17  Probe  
  73  5:22  Zealot, Sentry, Probe  
  73  5:23  Immortal (Chrono Boost)  
  82  5:29  Probe  
  82  5:33  Shield Battery  
  82  5:34  Probe  
  82  5:35  Protoss Ground Weapons Level 1  
  84  5:36  Pylon  
  84  5:41  Probe  
  85  5:46  Probe  
  86  5:53  Observer (Chrono Boost), Charge  
  86  5:54  Probe, Pylon  
  86  5:56  Pylon  
  88  5:58  Zealot x2  
  88  5:59  Probe  
  88  6:00  Probe  
  94  6:07  Probe  
  95  6:11  Warp Prism (Chrono Boost), Probe  
  95  6:12  Photon Cannon  
  95  6:15  Probe  
  99  6:20  Templar Archives  
  99  6:25  Gateway  
  99  6:27  Assimilator  
  99  6:28  Gateway  
  99  6:31  Assimilator  
  99  6:34  Probe x2  
  99  6:36  Probe  
  102  6:40  Immortal (Chrono Boost)  
  106  6:57  Gateway  
  106  6:58  Gateway  
  106  6:59  Pylon  
  106  7:01  Photon Cannon  
  106  7:02  High Templar x2, Gateway  
  106  7:04  Gateway  
  106  7:05  Psionic Storm  
  106  7:06  Photon Cannon  
  106  7:08  Pylon  
  110  7:14  Immortal (Chrono Boost)  
  114  7:17  Probe x2  
  114  7:18  Pylon  
  116  7:28  High Templar x2  
  120  7:32  Pylon  
  120  7:34  Pylon  
  120  7:40  Probe x2  
  120  7:43  High Templar x2, Protoss Ground Weapons Level 2 (Chrono Boost)  
  126  7:44  Nexus  
  126  7:46  Pylon  
  126  7:51  Pylon  
  126  7:55  Probe x3  
  126  7:56  Immortal (Chrono Boost)  
  129  8:04  High Templar  
  129  8:05  Zealot x4, High Templar  
  143  8:09  Photon Cannon  
  143  8:10  Archon  
  143  8:12  Probe x2  
  147  8:17  Probe  
  148  8:22  Shield Battery  
  148  8:24  High Templar x2  
  152  8:31  Zealot x4  
  160  8:35  Immortal  
  160  8:40  Probe x2  
  166  8:48  High Templar x2  
  170  8:49  Assimilator  
  170  8:53  Assimilator  
  170  8:59  Zealot x5  
  170  9:00  Archon  
  170  9:01  Photon Cannon  
  180  9:03  Photon Cannon  
  180  9:04  Zealot  
  180  9:06  Pylon  
  180  9:09  Pylon  
  182  9:11  Shield Battery  
  180  9:28  Zealot x5  
  180  9:29  Zealot x3  
  188  9:42  Fleet Beacon  
  170  9:45  Stargate  
  170  9:47  Stargate  
  170  9:50  Zealot x4, High Templar x2  
  182  9:55  Observer  
  182  9:59  Archon  
  177  10:08  Photon Cannon  
  177  10:10  Photon Cannon  
  177  10:11  Shield Battery  
  177  10:13  Shield Battery  
  177  10:17  Shield Battery  
  177  10:18  Pylon  
  167  10:24  Observer  
  172  10:29  Shield Battery, Carrier (Chrono Boost)  
  172  10:30  Photon Cannon  
  172  10:32  High Templar x3  
  172  10:33  Zealot x4, High Templar  
  194  10:35  Carrier (Chrono Boost)  
  194  10:38  Archon  
  194  10:41  Carrier (Chrono Boost), Archon  
  198  10:51  Photon Cannon  
  198  10:53  Shield Battery x2, Observer  
  176  11:22  Protoss Shields Level 1  
  176  11:24  Nexus  
  176  11:28  Carrier (Chrono Boost)  
  176  11:32  Zealot x7, Carrier (Chrono Boost)  
  196  11:33  Protoss Air Weapons Level 1 (Chrono Boost)  
  196  11:37  Pylon  
  198  12:15  Zealot  
  192  12:25  Archon  
  192  12:27  High Templar x2  
  192  12:28  High Templar x2  
  184  12:31  Gateway  
  184  12:33  Gateway  
  184  12:35  Photon Cannon  
  184  12:39  Archon  
  184  12:41  High Templar x2  
  188  12:49  Cybernetics Core  
  188  12:51  Assimilator  
  188  12:55  Assimilator  
  188  12:58  Photon Cannon  
  188  13:00  Photon Cannon  
  188  13:01  Zealot x5  
  188  13:02  Photon Cannon  
  188  13:03  Shield Battery  
  188  13:04  Shield Battery  
  198  13:07  Shield Battery, Gateway  
  198  13:08  Gateway  
  198  13:09  Pylon  
  198  13:12  Gateway  
  198  13:13  Pylon  

Tags
 
Add a new tag
Caveats
  • Supply blocks, unpowered buildings, or Contaminate may cause inaccurate times.
  • Supply counts are checked every 10 seconds.